 Dungeon Crawl Stone Soup version 0.25.1-2-g60ff931df9 (webtiles) character file.

Game seed: 16103744413542277241

43463 DogServant the Grappler (level 14, -2/118 HPs)
             Began as a Merfolk Transmuter on Oct 18, 2020.
             Was a High Priest of Ru.
             Slain by Donald
             ... wielding a +2 long sword of holy wrath
              (22 damage)
             ... on level 2 of the Orcish Mines.
             The game lasted 00:51:26 (22733 turns).

DogServant the Grappler (Merfolk Transmuter)       Turns: 22733, Time: 00:51:27

Health: -2/118     AC: 16    Str: 15    XL:     14   Next: 24%
Magic:  6/16       EV: 19    Int: 16    God:    Ru [*****.]
Gold:   953        SH:  4    Dex: 20    Spells: 0/21 levels left

rFire    . . .     SeeInvis +     - Unarmed
rCold    . . .     Gourm    .   (shield currently unavailable)
rNeg     . . .     Faith    .   Q - +1 acid dragon scales "Jaxuuvawk" {rF+ rC+ rCorr} (curse)
rPois    .         Spirit   .   n - +1 hat {Int+3}
rElec    .         Reflect  .   C - +1 cloak
rCorr    +         Harm     .   (gloves currently unavailable)
MR       +....                  D - +1 pair of boots
Stlth    +.........             c - amulet of the acrobat
HPRegen  0.29/turn              J - +6 ring of dexterity
MPRegen  0.15/turn              B - +4 ring of protection

@: exhausted, blade hands
A: change form in water, swift swim, stealthy swim, claws 1, large bone plates
1, see invisible, low mp 2, wild magic 1, evolution 1, hated by all, temperature
sensitive
a: End Transformation, Draw Out Power, Power Leap, Apocalypse, Renounce Religion


You were on level 2 of the Orcish Mines.
You worshipped Ru.
Ru was extremely pleased with you.
You were hungry.
You had blades for hands.
You visited 3 branches of the dungeon, and saw 20 of its levels.

You collected 1835 gold pieces.
You spent 882 gold pieces at shops.

Inventory:

Missiles
 a - 391 arrows
 m - 68 poisoned darts (quivered)
Armour
 n - a +1 hat of intelligence (worn)
 r - a +0 buckler (melded)
 t - a +2 leather armour of poison resistance
 C - a +1 cloak (worn)
 D - a +1 pair of boots (worn)
 M - a +1 pair of gloves (melded)
 Q - the cursed +1 acid dragon scales "Jaxuuvawk" (worn) {rF+ rC+ rCorr}
   (You bought it in a shop on level 9 of the Dungeon)

   It protects you from fire.
   It protects you from cold.
   It provides partial protection from all sources of acid and corrosion.
   It has a curse placed upon it.
Jewellery
 c - an amulet of the acrobat (around neck)
 v - an uncursed ring of poison resistance
 B - a +4 ring of protection (right scythe-like blade)
 F - an uncursed ring of resist corrosion
 I - an uncursed ring of protection from cold
 J - a +6 ring of dexterity (left scythe-like blade)
 X - an uncursed ring of wizardry {unknown}
Wands
 w - a wand of polymorph (11)
 E - a wand of enslavement (9)
 L - a wand of flame (31)
 O - a wand of random effects (38)
Scrolls
 i - 7 scrolls of magic mapping
 l - 7 scrolls of teleportation
 p - 8 scrolls of remove curse
 x - 4 scrolls of enchant armour
 y - 2 scrolls of fear
 A - a scroll of silence
 G - 2 scrolls of fog
 U - a scroll of amnesia
Potions
 e - 3 potions of might
 f - 5 potions of flight
 g - 2 potions of magic
 h - 6 potions of curing
 j - 2 potions of haste
 k - a potion of stabbing
 o - a potion of heal wounds
 q - 2 potions of mutation
 s - 5 potions of degeneration {unknown}
 u - 2 potions of cancellation {unknown}
 H - 3 potions of brilliance {unknown}
 K - a potion of lignification {unknown}
 R - a potion of resistance {unknown}
 S - 2 potions of ambrosia {unknown}
Comestibles
 d - 13 rations
 z - 5 chunks of flesh


   Skills:
 + Level 13.0 Fighting
 - Level 2.0 Armour
 - Level 10.0 Dodging
 - Level 4.0 Shields
 + Level 14.6 Unarmed Combat
 + Level 4.1 Spellcasting
 - Level 5.7 Hexes
 - Level 10.0 Transmutations
 - Level 4.0 Ice Magic
 - Level 3.0 Poison Magic
 - Level 8.0 Evocations


You couldn't memorise any spells.
You knew the following spells:

 Your Spells              Type           Power        Failure   Level  Hunger
a - Beastly Appendage     Tmut           #####.       16%         1    None
b - Ice Form              Ice/Tmut       ####....     61%         4    ####...
c - Spider Form           Tmut/Pois      ####......   41%         3    ###....
d - Blade Hands           Tmut           #####.....   56%         5    ######.
e - Confusing Touch       Hex            ####....     47%         3    ###....
f - Yara's Violent Unrav  Hex/Tmut       #####.....   77%         5    ######.

Your spell library contained the following spells:

 Spells                   Type           Power        Failure   Level  Hunger
 Inner Flame              Hex/Fire       ###.....     73%         3    ###....
 Foxfire                  Conj/Fire      #...         75%         1    None
 Petrify                  Tmut/Erth      ####....     80%         4    ####...
 Conjure Flame            Conj/Fire      #.......     94%         3    ###....
 Gell's Gravitas          Tloc           #.........   94%         3    ###....
 Metabolic Englaciation   Hex/Ice        ###.......   96%         5    ######.
 Sticky Flame             Conj/Fire      #.......     100%        4    ####...
 Fireball                 Conj/Fire      #.........   100%        5    ######.
 Sticks to Snakes         Tmut           Unusable     N/A         2    N/A
 Summon Guardian Golem    Hex/Summ       Unusable     N/A         3    N/A
 Summon Butterflies       Summ           Unusable     N/A         1    N/A
 Summon Small Mammal      Summ           Unusable     N/A         1    N/A
 Call Imp                 Summ           Unusable     N/A         2    N/A
 Call Canine Familiar     Summ           Unusable     N/A         3    N/A
 Summon Ice Beast         Ice/Summ       Unusable     N/A         4    N/A
 Summon Mana Viper        Hex/Summ       Unusable     N/A         5    N/A
 Summon Lightning Spire   Summ/Air       Unusable     N/A         4    N/A
 Summon Hydra             Summ           Unusable     N/A         7    N/A

Dungeon Overview and Level Annotations

Branches:
Dungeon (12/15)            Temple (0/1) D:7            Lair (6/6) D:11
 Shoals (0/4) Lair:4        Snake (0/4) Lair:4          Orc (2/2) D:9
    Elf (0/3) Orc:2
  Slime: Lair:5-6

Altars:
Cheibriados
Fedhas
Makhleb
Qazlal
Ru
Trog
Zin
The Shining One

Shops:
D:9 [(

Annotations:
D:9 2 transporters, Saltbearer's ghost, novice DEEE
Lair:5 2 transporters, Qoypruj's ghost, journeyman MiGl
Orc:2 Donald


Innate Abilities, Weirdness & Mutations

You revert to your normal form in water.
You are very nimble and swift while swimming.
You are very stealthy in the water. (Stealth+)
Your magical capacity is very low. (-20% MP)
You are hated by all.
You are sensitive to extremes of temperature. (rF-, rC-)
You have sharp fingernails.
You are partially covered in large bone plates. (SH +4)
You have supernaturally acute eyesight. (SInv)
Your spells are a little harder to cast, but a little more powerful.
You evolve.


Message History

Aiming: Power Leap
Press: ? - help, Dir - move target cursor, p - Donald You hear a shout! x6
Donald says, "Once, I gave up eating meat for a week.
I hated that."
Donald is stunned by your will and fails to attack.
Donald hits you with a +2 long sword of holy wrath!
You slice Donald!! Donald blocks your attack.
Donald is severely wounded.
Donald hits you with a +2 long sword of holy wrath!!
You hit Donald.
Donald is severely wounded.
Donald hits you with a +2 long sword of holy wrath!!
* * * LOW HITPOINT WARNING * * *
You hit Donald.
Donald is severely wounded.
Donald hits you but does no damage. Donald blocks your attack.
Donald is severely wounded.
Donald hits you with a +2 long sword of holy wrath!!
You die...

. #.... ...# ##...#### .
...#####.......# ### ..
..............#####..
...#..#............##...
......##............#...
........)..)†).....##...
#..........#)).....<..>^
#...$@...####.......).
#.....@.<..# #.........
#.........$..#.....(....
........$...............
.......#................
.....####..........##...
..... #.......#.###..
...## #.....### #..


You could see Donald (fast, strong, corroded).

Vanquished Creatures
  Gastronok (Lair:2)
  An orc warlord (Orc:2)
  Erolcha (D:10)
  8 hydras
  4 two-headed ogres
  5 death yaks (Lair:2)
  An orc high priest (Orc:1)
  Sonja (D:11)
  2 spriggans (Lair:6)
  An ugly thing (D:11)
  A lindwurm (Lair:4)
  2 orc sorcerers
  An oklob plant (Lair:1)
  6 elephants
  2 molten gargoyles (Lair:4)
  A gargoyle (D:12)
  10 spiny frogs
  4 komodo dragons
  A rime drake (Lair:6)
  2 trolls
  10 polar bears
  14 blink frogs
  A hornet (Lair:6)
  3 hippogriffs
  A dream sheep (Lair:6)
  3 wyverns
  A wraith (D:11)
  15 yaks
  A hungry ghost (D:7)
  A basilisk (Lair:4)
  A warg (Orc:1)
  A naga (Lair:4)
  7 water moccasins
  Duvessa (D:7)
  3 porcupines
  An eye of draining (D:10)
  7 orc warriors
  2 ice beasts
  A sky beast (D:7)
  A phantom (D:7)
  5 ogres
  A necrophage (D:9)
  9 wolves
  7 crocodiles
  5 centaurs
  A big kobold (D:11)
  10 bullfrogs
  Dowan (D:7)
  A wyvern skeleton (D:11)
  A scorpion (D:8)
  10 killer bees
  8 wights (D:10)
  4 howler monkeys
  3 electric eels
  9 crimson imps
  A centaur zombie (D:6)
  A bullfrog zombie (D:6)
  5 lava snakes (Lair:4)
  14 orc priests
  2 centaur skeletons
  3 hounds
  7 jellies
  6 iguanas
  15 orc wizards
  Natasha (thrice) (D:2)
  11 worker ants
  Robin (D:2)
  15 adders
  13 gnolls
  2 shadow imps
  An ooze (D:2)
  An adder zombie (D:6)
  7 worms
  An adder skeleton (D:3)
  4 dart slugs
  4 leopard geckos
  68 orcs
  2 ball pythons
  6 bats
  3 giant cockroaches
  11 goblins
  7 hobgoblins
  18 jackals
  12 kobolds
  6 quokkas
  4 frilled lizards
  A leopard gecko skeleton (D:5)
  A quokka skeleton (D:7)
  A quokka zombie (D:9)
  A rat (D:2)
  A plant (Lair:1)
464 creatures vanquished.

Vanquished Creatures (collateral kills)
  An ice beast (D:6)
  Jessica (D:2)
  3 gnolls (D:5)
  An adder (D:2)
  2 hobgoblins (D:2)
  A kobold (D:2)
9 creatures vanquished.

Vanquished Creatures (others)
  A death yak (Lair:2)
  A spiny frog (Lair:5)
  A water moccasin (Lair:2)
  7 fungi
  3 plants
  4 toadstools (D:1)
17 creatures vanquished.

Grand Total: 490 creatures vanquished

Notes
Turn   | Place    | Note
-------+----------+-------------------------------------------
     0 | D:1      | DogServant the Merfolk Transmuter began the quest for the
                  | Orb.
     0 | D:1      | Reached XP level 1. HP: 15/15 MP: 3/3
   271 | D:1      | Reached XP level 2. HP: 11/21 MP: 5/5
  1036 | D:2      | Noticed Jessica
  1038 | D:2      | Learned a level 2 spell: Sticks to Snakes
  1043 | D:2      | Killed Jessica
  1043 | D:2      | Reached skill level 4 in Unarmed Combat
  1043 | D:2      | Reached XP level 3. HP: 21/26 MP: 0/6
  1324 | D:2      | Noticed Robin
  1351 | D:2      | Killed Robin
  1351 | D:2      | Reached XP level 4. HP: 30/32 MP: 3/7
  2371 | D:2      | Reached skill level 5 in Transmutations
  2376 | D:2      | Reached XP level 5. HP: 33/37 MP: 8/8
  2487 | D:2      | Reached skill level 5 in Unarmed Combat
  2503 | D:2      | Learned a level 3 spell: Spider Form
  2507 | D:2      | Noticed Natasha
  2533 | D:2      | Killed Natasha
  2582 | D:2      | Reached skill level 1 in Poison Magic
  2674 | D:2      | Noticed Natasha
  2681 | D:2      | Killed Natasha
  2814 | D:2      | Reached XP level 6. HP: 40/43 MP: 7/9
  2890 | D:2      | Noticed Natasha
  2896 | D:2      | Killed Natasha
  3199 | D:3      | Found a glowing golden altar of the Shining One.
  3204 | D:3      | Found a snail-covered altar of Cheibriados.
  3228 | D:3      | Found a stormy altar of Qazlal.
  3238 | D:3      | Found a burning altar of Makhleb.
  3238 | D:3      | Found a glowing silver altar of Zin.
  3647 | D:3      | Found a sacrificial altar of Ru.
  3655 | D:3      | Became a worshipper of Ru the Awakened
  4247 | D:4      | Reached skill level 6 in Unarmed Combat
  4592 | D:4      | Reached XP level 7. HP: 48/48 MP: 6/10
  4800 | D:5      | Entered Level 5 of the Dungeon
  6094 | D:6      | Reached XP level 8. HP: 45/54 MP: 7/11
  6104 | D:6      | Learned a level 5 spell: Blade Hands
  7494 | D:7      | Noticed Dowan
  7497 | D:7      | Noticed Duvessa
  7517 | D:7      | Killed Duvessa
  7519 | D:7      | Killed Dowan
  7531 | D:7      | Reached skill level 7 in Unarmed Combat
  7564 | D:7      | Reached XP level 9. HP: 35/65 MP: 3/13
  7772 | D:7      | Found a staircase to the Ecumenical Temple.
  7780 | D:7      | Reached skill level 8 in Unarmed Combat
  8034 | D:7      | Noticed a two-headed ogre
  8041 | D:7      | Killed a two-headed ogre
  8041 | D:7      | Reached skill level 10 in Unarmed Combat
  8742 | D:8      | Learned a level 3 spell: Confusing Touch
  8808 | D:8      | Reached skill level 11 in Unarmed Combat
  8902 | D:8      | Noticed a two-headed ogre
  8913 | D:8      | Killed a two-headed ogre
  8913 | D:8      | Reached skill level 10 in Transmutations
  8913 | D:8      | Reached XP level 10. HP: 56/71 MP: 8/14
  8914 | D:8      | Reached skill level 12 in Unarmed Combat
  9559 | D:8      | Found a blossoming altar of Fedhas.
  9960 | D:9      | Reached skill level 13 in Unarmed Combat
 10108 | D:9      | Found Etweocata's Weapon Shoppe.
 10110 | D:9      | Found a staircase to the Orcish Mines.
 10112 | D:9      | Found Rupp's Armour Shoppe.
 10138 | D:9      | Found a transporter.
 10142 | D:9      | Noticed Saltbearer's ghost (novice DEEE)
 10143 | D:9      | Found a transporter.
 10146 | D:9      | Identified the +10 dire flail of Otodezent {speed, rF+
                  | MP+9}
 10146 | D:9      | Noticed a two-headed ogre
 10536 | D:9      | Gained mutation: Your magical capacity is low. (-10% MP)
                  | [Ru sacrifice]
 10706 | D:10     | Entered Level 10 of the Dungeon
 10961 | D:10     | Reached skill level 1 in Hexes
 11081 | D:10     | Reached skill level 1 in Evocations
 11436 | D:10     | Noticed Erolcha
 11441 | D:10     | Killed Erolcha
 11441 | D:10     | Reached skill level 5 in Fighting
 11441 | D:10     | Reached skill level 5 in Dodging
 11441 | D:10     | Reached XP level 11. HP: 78/79 MP: 3/13
 11880 | D:10     | Noticed a two-headed ogre
 12063 | D:10     | Killed a two-headed ogre
 12271 | D:11     | Reached skill level 1 in Armour
 12366 | D:11     | Found a staircase to the Lair.
 12476 | D:11     | Noticed Sonja
 12493 | D:11     | Killed Sonja
 12497 | D:11     | Noticed a green ugly thing
 12503 | D:11     | Killed a green ugly thing
 12920 | D:11     | Gained mutation: You are sensitive to extremes of
                  | temperature. (rF-, rC-) [Ru sacrifice]
 12920 | D:11     | Reached * piety under Ru
 12920 | D:11     | Reached ** piety under Ru
 12920 | D:11     | Reached *** piety under Ru
 13230 | D:11     | Noticed a two-headed ogre
 13235 | D:11     | Killed a two-headed ogre
 13235 | D:11     | Reached skill level 5 in Hexes
 13235 | D:11     | Reached skill level 5 in Evocations
 13858 | Lair:1   | Entered Level 1 of the Lair of Beasts
 13893 | Lair:1   | Reached XP level 12. HP: 70/92 MP: 3/14
 15142 | Lair:2   | Gained mutation: You are hated by all. [Ru sacrifice]
 15142 | Lair:2   | Reached **** piety under Ru
 15355 | Lair:2   | Noticed Gastronok
 15369 | Lair:2   | Killed Gastronok
 15369 | Lair:2   | Reached skill level 10 in Fighting
 15562 | Lair:2   | Noticed a death yak
 15563 | Lair:2   | Noticed a death yak
 15571 | Lair:2   | Noticed a death yak
 15794 | D:9      | Bought the cursed +1 acid dragon scales "Jaxuuvawk" {rF+
                  | rC+ rCorr} for 882 gold pieces
 16024 | Lair:3   | Noticed a five-headed hydra
 16039 | Lair:3   | Killed a five-headed hydra
 16769 | Lair:3   | Noticed a five-headed hydra
 16787 | Lair:3   | Killed an 11-headed hydra
 17034 | Lair:3   | Learned a level 4 spell: Ice Form
 17514 | Lair:4   | Found a staircase to the Shoals.
 17521 | Lair:4   | Reached skill level 1 in Ice Magic
 17557 | Lair:4   | Noticed an eight-headed hydra
 17562 | Lair:4   | Killed an eight-headed hydra
 17749 | Lair:4   | Gained mutation: Your magical capacity is very low. (-20%
                  | MP) [Ru sacrifice]
 17749 | Lair:4   | Reached ***** piety under Ru
 17977 | Lair:4   | Reached XP level 13. HP: 96/106 MP: 9/15
 18076 | Lair:4   | Found a staircase to the Snake Pit.
 18705 | Lair:4   | Reached skill level 10 in Dodging
 19129 | Lair:4   | Reached skill level 1 in Shields
 19649 | Lair:5   | Identified a scroll of acquirement
 19649 | Lair:5   | Acquired 400 gold pieces
 20520 | Lair:5   | Found a transporter.
 20522 | Lair:5   | Found a transporter.
 20570 | Lair:5   | Identified the +2 trident of the Mouth {chaos, rPois SInv}
 20571 | Lair:5   | Noticed Qoypruj's ghost (journeyman MiGl)
 20571 | Lair:5   | Identified the +3 rapier "Xexuaxach" {vamp, rC+++ Str-2
                  | Dex+4 Stlth-}
 20583 | Lair:5   | Found a bloodstained altar of Trog.
 20709 | Lair:6   | Entered Level 6 of the Lair of Beasts
 21239 | Lair:2   | Reached skill level 14 in Unarmed Combat
 21883 | Lair:2   | Reached XP level 14. HP: 110/116 MP: 10/16
 21908 | Lair:2   | Gained mutation: You tend to lose your temper in combat.
                  | [potion of mutation]
 21908 | Lair:2   | Gained mutation: You often lose your temper in combat.
                  | [potion of mutation]
 21908 | Lair:2   | Gained mutation: You are covered in fur. (AC +1) [potion of
                  | mutation]
 21908 | Lair:2   | Gained mutation: You evolve. [potion of mutation]
 21909 | Lair:2   | Lost mutation: You often lose your temper in combat.
                  | [potion of mutation]
 21909 | Lair:2   | Lost mutation: You tend to lose your temper in combat.
                  | [potion of mutation]
 21909 | Lair:2   | Lost mutation: You evolve. [potion of mutation]
 21909 | Lair:2   | Gained mutation: You possess an exceptional clarity of
                  | mind. [potion of mutation]
 21909 | Lair:2   | Gained mutation: You have supernaturally acute eyesight.
                  | (SInv) [potion of mutation]
 21909 | Lair:2   | Gained mutation: You have sharp fingernails. [potion of
                  | mutation]
 21910 | Lair:2   | Lost mutation: You possess an exceptional clarity of mind.
                  | [potion of mutation]
 21910 | Lair:2   | Lost mutation: You are covered in fur. (AC +1) [potion of
                  | mutation]
 21910 | Lair:2   | Gained mutation: You expend magic power (3 MP) to
                  | strengthen your wands. [potion of mutation]
 21910 | Lair:2   | Gained mutation: Your spells are a little harder to cast,
                  | but a little more powerful. [potion of mutation]
 21910 | Lair:2   | Gained mutation: You possess an exceptional clarity of
                  | mind. [potion of mutation]
 21911 | Lair:2   | Lost mutation: You expend magic power (3 MP) to strengthen
                  | your wands. [potion of mutation]
 21911 | Lair:2   | Lost mutation: You possess an exceptional clarity of mind.
                  | [potion of mutation]
 21911 | Lair:2   | Gained mutation: You are partially covered in large bone
                  | plates. (SH +4) [potion of mutation]
 21911 | Lair:2   | Gained mutation: You evolve. [potion of mutation]
 22293 | Orc:1    | Entered Level 1 of the Orcish Mines
 22349 | Orc:1    | Learned a level 5 spell: Yara's Violent Unravelling
 22501 | Orc:2    | Entered Level 2 of the Orcish Mines
 22501 | Orc:2    | Found a staircase to the Elven Halls.
 22575 | Orc:2    | Noticed an orc warlord
 22599 | Orc:2    | Killed an orc warlord
 22723 | Orc:2    | Noticed Donald
 22733 | Orc:2    | Slain by Donald

Illustrated notes

Levels and vault maps discovered:
D:1:      ldierk_water_garden, layout_basic, serial_glass, glass_columns_b,
          glass_columns_b, item_on_display_a, grunt_decor_fettered
D:2:      layout_loops_ring, minmay_tripent, uniq_natasha, uniq_jessica,
          uniq_robin
D:3:      layout_basic, minmay_overflow_temple_star_hex,
          nicolae_ru_path_of_blood
D:4:      layout_rooms, serial_corexii_hall, chequers_hall_statues_y,
          chequers_hall_statues_wall_a, chequers_big_river
D:5:      layout_loops_cross, first_ration, minmay_misc_feat_secret_circle,
          minmay_misc_feat_tiny
D:6:      layout_loops_corners
D:7:      layout_loops_ring, minmay_temple_entry_antechambers, uniq_duvessa
D:8:      layout_loops_cross, fedhas_altar_fruit_tree
D:9:      layout_irregular_city, orc_david_3, gammafunk_ghost_smash
D:10:     layout_roguey, uniq_erolcha
D:11:     layout_basic, david_lair_generic, uniq_sonja
D:12:     layout_long_grid, portal_ice_cave_entry_pillars_1
Lair:1:   layout_cave_pods, minmay_lair_oklob_chamber, grunt_megastairs_3
Lair:2:   layout_chaotic_city, uniq_gastronok
Lair:3:   layout_long_grid, nicolae_quartered_pool_super
Lair:4:   cheibrodos_magma_flow, layout_cave_pods, elwin_shoals_entry_rooms,
          guppyfry_snake_entry_garden, beast_lair_carwin_10
Lair:5:   layout_regular_city, gammafunk_ghost_wrathful_warriors
Lair:6:   minmay_lair_end_enchanted_forest, layout_regular_city, slime_altar_1
Orc:1:    layout_caves, special_room [special_room_bee]
Orc:2:    grunt_orc_community_town_hall, layout_diamond_mine,
          grunt_orc_community_big_house_1, grunt_orc_community_big_house_2,
          grunt_orc_community_house_1, grunt_orc_community_house_3,
          grunt_orc_community_house_2, grunt_orc_community_house_2,
          grunt_orc_community_house_3, nicolae_orc_lava_tube, uniq_donald

Skill      XL: |  1  2  3  4  5  6  7  8  9 10 11 12 13 14 |
---------------+-------------------------------------------+-----
Transmutations | 3 4 5 6 9 10 | 10.0
Unarmed Combat | 4 5 6 7 11 13 14 | 14.6
Poison Magic   | 2 3 |  3.0
Dodging        | 4 5 6 8 10 | 10.0
Fighting       | 4 5 8 11 12 13 | 13.0
Spellcasting   | 3 4 |  4.1
Hexes          | 2 5 |  5.7
Evocations     | 2 5 7 8 |  8.0
Armour         | 2 |  2.0
Ice Magic      | 4 |  4.0
Shields        | 4 |  4.0

Action                   |  1- 3 |  4- 6 |  7- 9 | 10-12 | 13-15 || total
-------------------------+-------+-------+-------+-------+-------++-------
Melee: Unarmed           |    92 |   241 |   334 |   470 |   270 ||  1407
       Headbutt          |    12 |    12 |    20 |     5 |    10 ||    59
       Punch             |     2 |     1 |     6 |    29 |    17 ||    55
       Tailslap          |       |     2 |       |       |       ||     2
Throw: Boomerang         |       |     5 |       |       |       ||     5
       Dart              |       |     2 |     5 |    22 |     2 ||    31
       Throwing net      |       |       |       |     2 |     2 ||     4
 Cast: Beastly Appendage |    11 |    26 |    21 |    16 |     7 ||    81
       Sticks to Snakes  |     4 |     1 |     2 |       |       ||     7
       Spider Form       |       |    10 |     4 |     1 |       ||    15
       Blade Hands       |       |       |    19 |    57 |    27 ||   103
       Confusing Touch   |       |       |       |     2 |     1 ||     3
       Ice Form          |       |       |       |     1 |     1 ||     2
Invok: Reject Sacrifices |       |       |     1 |       |     1 ||     2
       Sacrifice Essence |       |       |       |     2 |       ||     2
       Sacrifice Resista |       |       |       |     1 |       ||     1
       Power Leap        |       |       |       |     1 |     1 ||     2
       Sacrifice Love    |       |       |       |     1 |       ||     1
 Abil: End Transformatio |       |       |       |     2 |     1 ||     3
Evoke: Wand              |       |       |       |     9 |    10 ||    19
  Use: Scroll            |       |     6 |     1 |    13 |     9 ||    29
       Potion            |       |       |       |     3 |     6 ||     9
 Stab: Sleeping          |     1 |     3 |       |     1 |       ||     5
       Confused          |       |       |       |     2 |       ||     2
       Distracted        |       |       |       |     1 |     2 ||     3
       Invisible         |       |       |       |       |     3 ||     3
  Eat: Chunk             |     1 |    13 |    24 |    32 |    12 ||    82
       Ration            |       |       |       |     6 |     4 ||    10
Armor: Robe              |    11 |    25 |       |       |       ||    36
       Leather armour    |       |     1 |    76 |    72 |       ||   149
       Acid dragon scale |       |       |       |    31 |    54 ||    85
       Skin              |       |       |       |     2 |     6 ||     8
Dodge: Dodged            |    53 |   172 |   187 |   296 |   210 ||   918
Block: Other             |       |       |       |       |    11 ||    11
